 Dungeon Crawl Stone Soup version 0.30.0-10-gfe55d96785 (webtiles) character file.

Game seed: 16340014868238481999

352 Kaboulah the Trooper (level 6, -1/65 HPs)
             Began as an Ogre Gladiator on May 13, 2023.
             Was a Believer of the Shining One.
             Slain by a scorpion (4 damage)
             ... on level 3 of the Dungeon.
             The game lasted 00:21:18 (2507 turns).

Kaboulah the Trooper (Ogre Gladiator)               Turns: 2507, Time: 00:21:19

Health: -1/65      AC:  3    Str: 21    XL:     6   Next: 62%
Magic:  8/8        EV: 10    Int:  9    God:    the Shining One [**....]
Gold:   97         SH:  0    Dex: 10    Spells: 8/8 levels left

rFire   . . .        k - +2 club (spect)
rCold   . . .        (no shield)
rNeg    + . .        b - +0 robe
rPois   .            c - +0 hat
rElec   .            (no cloak)
rCorr   .            (gloves unavailable)
SInv    .            (boots unavailable)
Will    .....        (no amulet)
Stlth   +            (no ring)
HPRegen 0.30/turn    (no ring)
MPRegen 0.11/turn

%: no passive effects
@: glowing
A: large, unfitting armour, tough skin 1
a: Renounce Religion, Divine Shield


You were on level 3 of the Dungeon.
You worshipped the Shining One.
The Shining One was pleased with you.
You visited 1 branch of the dungeon, and saw 4 of its levels.

You collected 152 gold pieces.
You spent 55 gold pieces at shops.

Inventory:

Hand Weapons
 k - a +2 spectral club (weapon)
 w - a +1 halberd of venom
Missiles
 g - 64 stones (quivered)
 s - a throwing net
 t - a large rock
Armour
 b - a +0 robe (worn)
 c - a +0 hat (worn)
Magical Staves
 j - a staff of conjuration
Wands
 e - a wand of flame (16)
 n - a wand of digging (5)
Scrolls
 l - 3 scrolls of identify {unknown}
 m - 2 scrolls of enchant armour {unknown}
 o - a scroll of vulnerability {unknown}
 p - a scroll of noise {unknown}
 q - a scroll of poison {unknown}
 r - a scroll of teleportation {unknown}
 u - a scroll of enchant weapon {unknown}
 v - a scroll of magic mapping {unknown}
Potions
 a - a potion of curing {unknown}
 f - a potion of mutation {unknown}
 h - 2 potions of cancellation {unknown}
 i - a potion of haste {unknown}


   Skills:
 * Level 4.8 Fighting
 - Level 3.6 Axes
 + Level 0.1(2.2) Polearms
 * Level 3.4 Throwing
 + Level 3.3 Dodging
 + Level 1.7 Spellcasting
 * Level 2.0 Transmutations
 + Level 1.7 Invocations


You had 8 spell levels left.
You didn't know any spells.
Your spell library contained the following spells:

 Spells                   Type           Power      Damage    Failure   Level
 Wereblood                Tmut           4%         N/A       22%         2
 Sublimation of Blood     Necr           0%         N/A       45%         2
 Dazzling Flash           Conj/Hex       0%         N/A       71%         3
 Volatile Blastmotes      Fire/Tloc      0%         2d10      71%         3
 Iskenderun's Mystic Bla  Conj/Tloc      0%         2d3       98%         4
 Starburst                Conj/Fire      0%         6d3       100%        6
 Summon Hydra             Summ           0%         N/A       100%        7


Dungeon Overview and Level Annotations

Branches:
Dungeon (4/15)
 Temple: D:4-7

Altars:
Xom
The Shining One

Shops:
D:2 !


Innate Abilities, Weirdness & Mutations

You are too large for most types of armour.
You have tough skin. (AC +1)


Message History

You hit the iguana.
The iguana is heavily wounded.
The iguana bites you but does no damage.
You hit the iguana but do no damage.
The iguana is heavily wounded.
The iguana barely misses you.
You hit the iguana.
The iguana is almost dead.
The iguana bites you.
The orc priest begins to cast a cantrip, but forgets the words!
The iguana bites you! The iguana attacks as you move away!
The iguana closely misses you. The iguana attacks as you move away!
The iguana bites you but does no damage.
The iguana attacks as you move away! The iguana bites you.
* * * LOW HITPOINT WARNING * * *
The orc priest looks braver for a moment.
You see here a +0 scythe of venom.
Things that are here:
a +0 club; a +0 whip The iguana attacks as you move away!
The iguana barely misses you.
There is a stone staircase leading up here.
The iguana bites you!
* * * LOW HITPOINT WARNING * * *
You climb upwards.
There is a stone staircase leading down here.
The iguana bites you.
* * * LOW HITPOINT WARNING * * *
You climb downwards.
The scorpion stings you.
* * * LOW HITPOINT WARNING * * *
The scorpion closely misses you.
There is a stone staircase leading up, spattered with blood here.
You can't go down here!
You can't go down here!
The scorpion closely misses you.
The iguana bites you but does no damage.
You climb upwards.
There is a stone staircase leading down here.
The scorpion attacks as you move away! The scorpion stings you.
You die...

#.......#.###.#### #
####.............####
#...#...#...#.....
#.....#...#...#.##
#.##.###.###....#
#.#...#...#.....#
#.#.#...#...#.#.#
#.#...#...#...#.#
######@l..###.###....#
#....##s...#...#.....#
#.##.###.#...#...#.###
#.##.# #...#.......#
#.##.####..###.....#
#.........##
#..##.#### #..#.####.#
#......... #..#.# #.#
##...#.#### #....# #.#
#......####


You could see a scorpion and an iguana.

Vanquished Creatures
  Sigmund (D:3)
  A hound (D:4)
  Jessica (D:3)
  Natasha (D:4)
  Ijyb (D:3)
  4 gnolls
  A worm (D:3)
  A dart slug (D:1)
  An orc (D:3)
  7 ball pythons
  3 bats
  6 endoplasms
  3 giant cockroaches
  5 goblins
  6 hobgoblins
  2 quokkas (D:1)
  4 frilled lizards
  6 kobolds
  4 rats
58 creatures vanquished.

Notes
Turn   | Place    | Note
-------+----------+-------------------------------------------
     0 | D:1      | Kaboulah the Ogre Gladiator began the quest for the Orb.
     0 | D:1      | Reached XP level 1. HP: 22/22 MP: 1/1
   164 | D:1      | Reached skill level 3 in Fighting
   180 | D:1      | Reached XP level 2. HP: 24/31 MP: 2/2
   392 | D:1      | Found a faded altar of an unknown god.
   408 | D:1      | Prayed at the altar of an unknown god.
   408 | D:1      | Became a worshipper of the Shining One
   408 | D:1      | Reached * piety under the Shining One
   756 | D:2      | Reached XP level 3. HP: 37/37 MP: 3/3
   768 | D:2      | Found Xokora's Distillery.
   777 | D:2      | Bought a potion of heal wounds for 55 gold pieces
   823 | D:2      | Found a shimmering altar of Xom.
  1457 | D:3      | Noticed Ijyb
  1470 | D:3      | Killed Ijyb
  1471 | D:3      | Reached XP level 4. HP: 25/48 MP: 4/4
  1722 | D:3      | Noticed Sigmund
  1739 | D:3      | Killed Sigmund
  1740 | D:3      | Reached skill level 4 in Fighting
  1740 | D:3      | Reached skill level 1 in Spellcasting
  1740 | D:3      | Reached skill level 1 in Transmutations
  1740 | D:3      | Reached skill level 1 in Invocations
  1740 | D:3      | Reached XP level 5. HP: 44/55 MP: 4/7
  1740 | D:3      | Reached XP level 6. HP: 50/63 MP: 4/8
  1830 | D:3      | Noticed Jessica
  1831 | D:3      | Killed Jessica
  2202 | D:4      | Noticed Natasha
  2210 | D:4      | Killed Natasha
  2252 | D:4      | Reached ** piety under the Shining One
  2504 | D:4      | HP: 2/65 [scorpion (6)]
  2507 | D:3      | Slain by a scorpion

Illustrated notes

Levels and vault maps discovered:
D:1:      dpeg_arrival_three_same_balls, layout_basic,
          shapermc_ecumenical_altar_ellora
D:2:      layout_basic, basic_altar, serial_shops, shop, minivault_5,
          bh_walls_and_bars
D:3:      layout_loops_corners, st_stairs_7, minmay_misc_feat_four_crosses,
          uniq_jessica, uniq_ijyb, uniq_sigmund
D:4:      minmay_polygon_palace, layout_basic, nicolae_ru_the_path_less_chosen,
          minmay_overflow_temple_star_quad, minmay_temple_entry_stoned_glass,
          minmay_vboxes, uniq_natasha

Skill      XL: |  1  2  3  4  5  6 |
---------------+-------------------+-----
Fighting       | 3 4 |  4.8
Dodging        | 3 |  3.3
Throwing       | 3 |  3.4
Spellcasting   | 1 |  1.7
Transmutations | 1 2 |  2.0
Invocations    | 1 |  1.7
Axes           | |  3.6
Polearms       | |  0.1

Action                     |  1- 3 |  4- 6 || total
---------------------------+-------+-------++-------
  Melee: War axe           |    90 |       ||    90
         Club              |       |    64 ||    64
         Punch             |       |     2 ||     2
  Throw: Stone             |     5 |     7 ||    12
         Throwing net      |     1 |     3 ||     4
         Large rock        |     1 |     3 ||     4
    Use: Potion            |     1 |       ||     1
 Armour: Robe              |    18 |    17 ||    35
  Dodge: Dodged            |    31 |    27 ||    58
